[Event "Allsvenskan Div I 3 2022/2023: SS Manhem - SK Kamraterna II"]
[Site "Schackcentrum, Vegatan 20, Gothenburg, Sweden"]
[Date "2023.02.05"]
[Round "1.1"]
[White "Andersson, Johan"]
[Black "Welin, Mats"]
[Result "1-0"]
[TimeControl "90 minutes for 40 moves + 30 minutes for the rest of the game + 30 seconds per move from move one."]
[BlackTitle "FM"]
[WhiteFideId "1703935"]
[BlackFideId "1705180"]
[WhiteElo "2149"]
[BlackElo "2302"]

1. e4 e5 2. Nf3 Nc6 3. c3 Nf6 4. d4 exd4 5. e5 Nd5 6. Qb3 Nb6 7. cxd4 d5 8. a3 Bg4 9. Nbd2 Qd7 10.
Bd3 Be7 11. Qc2 a5 12. h3 Bh5 13. Bf5 Qd8 14. O-O Bg6 15. e6 Qd6 16. Re1 O-O 17. exf7+ Rxf7 18. Bxg6 hxg6 19. Ne5 Rf5 20.
Nxc6 bxc6 21. Re2 Qf6 22. Nf1 Bd6 23. Ne3 Rh5 24. Qd3 c5 25. dxc5 Bxc5 26. Rc2 Bd6 27. Bd2 c5 28. Qf1 a4 29.
g4 Re5 30. Qg2 Qe6 31. Rac1 Rf8 32. Ba5 Nd7 33. Rd1 Nf6 34. Nf1 Ne4 35. Be1 Ng5 36. Ba5 d4 37. Kh1 Nf3 38. Ng3 Qb3 1-0

[Event "Allsvenskan Div I 3 2022/2023: SS Manhem - SK Kamraterna II"]
[Site "Schackcentrum, Vegatan 20, Gothenburg, Sweden"]
[Date "2023.02.05"]
[Round "1.2"]
[White "Akesson, Joel"]
[Black "Al Waeli, Laith"]
[Result "1-0"]
[TimeControl "90 minutes for 40 moves + 30 minutes for the rest of the game + 30 seconds per move from move one."]
[WhiteTitle "FM"]
[BlackTitle "FM"]
[WhiteFideId "1705040"]
[BlackFideId "4801059"]
[WhiteElo "2205"]
[BlackElo "2084"]

1. c4 Nf6 2. g3 g6 3. Bg2 Bg7 4. Nc3 O-O 5. d3 d6 6. Rb1 c5 7. a3 Nc6 8. b4 Rb8 9. Bd2 Bd7 10.
b5 Nd4 11. e3 Nf5 12. Nge2 e5 13. O-O Re8 14. Ne4 Nxe4 15. Bxe4 h5 16. Nc3 Bh6 17. Nd5 Ng7 18. f4 exf4 19.
gxf4 Bf5 20. Bc3 Re6 21. Bxg7 Bg4 22. Bf3 Bxg7 23. Bxg4 hxg4 24. Qxg4 f5 25. Qg2 Kf7 26. Rbe1 Qd7 27.
b6 axb6 28. Nxb6 Qc6 29. Nd5 Rbe8 30. Rb1 Kg8 31. Rb6 Qc8 32. Rfb1 Qa8 33. Nc7 Qxa3 34. Nxe6 Rxe6 35. Qd5 1-0

[Event "Allsvenskan Div I 3 2022/2023: SS Manhem - SK Kamraterna II"]
[Site "Schackcentrum, Vegatan 20, Gothenburg, Sweden"]
[Date "2023.02.05"]
[Round "1.3"]
[White "Borvander, Tom"]
[Black "Lindholm, Gustav"]
[Result "0-1"]
[TimeControl "90 minutes for 40 moves + 30 minutes for the rest of the game + 30 seconds per move from move one."]
[WhiteFideId "1707388"]
[BlackFideId "1736515"]
[WhiteElo "2048"]
[BlackElo "2120"]

1. d4 d5 2. c4 c6 3. Nf3 Nf6 4. Qc2 dxc4 5. Qxc4 Bf5 6. Nc3 e6 7. g3 Nbd7 8. Bg2 Be7 9. O-O O-O 10.
e3 Ne4 11. Rd1 Qc7 12. Bd2 Rac8 13. Rac1 Rfd8 14. Be1 Qb8 15. b4 Nxc3 16. Bxc3 Be4 17. Qe2 Nb6 18. Ne5 Bxg2 19. Kxg2 Nd5 20.
Qb2 Nxc3 21. Qxc3 Qd6 22. a3 Qd5+ 23. Kg1 h5 24. Qc4 a5 25. Rb1 axb4 26. axb4 f6 27. Qxd5 Rxd5 28. Nd3 Rb5 29.
Rb2 Ra8 30. Kf1 Kf7 31. Ke2 Ra4 32. Rdb1 e5 33. dxe5 fxe5 34. e4 g5 35. f3 Ke6 36. h3 b6 37. Kd2 Ra6 38. Kc3 Kd6 39.
Kc4 Ra3 40. Rd1 Rd5 41. Rb3 Rd4+ 42. Kc3 Ra2 43. f4 Bf6 44. Re1 b5 45. fxe5+ Bxe5 46. Nxe5 Kxe5 47. Rf1 Rxe4 48. Kd3 Rg2 49.
Rf3 g4 0-1

[Event "Allsvenskan Div I 3 2022/2023: SS Manhem - SK Kamraterna II"]
[Site "Schackcentrum, Vegatan 20, Gothenburg, Sweden"]
[Date "2023.02.05"]
[Round "1.4"]
[White "Fendrich, David"]
[Black "Nyberg, Ulf"]
[Result "0-1"]
[TimeControl "90 minutes for 40 moves + 30 minutes for the rest of the game + 30 seconds per move from move one."]
[WhiteFideId "1705725"]
[BlackFideId "1705083"]
[WhiteElo "2174"]
[BlackElo "2074"]

1. g3 d5 2. c4 d4 3. Nf3 Nc6 4. Bg2 e5 5. d3 Nf6 6. O-O Be7 7. b4 Nd7 8. b5 Ncb8 9. e3 dxe3 10.
Bxe3 O-O 11. Nc3 Re8 12. d4 exd4 13. Nxd4 Nf6 14. Nd5 Nxd5 15. Bxd5 Nd7 16. Bxf7+ Kxf7 17. Qh5+ Kg8 18. Bh6 Nf6 19.
Qg5 Bf8 20. Rad1 Qe7 21. Nf3 Bh3 22. Rfe1 Qc5 23. Bxg7 Qxg5 24. Nxg5 Kxg7 25. Nxh3 Bb4 26. Rxe8 Rxe8 27. Nf4 Bd6 28.
Nd3 b6 29. Kf1 Re4 30. Rc1 Nd7 31. Rc2 Kf6 32. f3 Re3 33. Ne1 Bb4 34. Ng2 Rxf3+ 35. Ke2 Rc3 36. Rd2 Nc5 37. Nf4 Rxc4 38.
Nd5+ Ke5 39. Ne3 Rc1 40. Rd8 Ra1 41. Rh8 Rxa2+ 42. Kf3 Ne6 43. Ng4+ Kf5 44. Ne3+ Kg6 45. h4 Bf8 46. Rg8+ Kf7 47.
Rg4 Rb2 48. Ra4 Rxb5 49. Rxa7 Rb3 50. Ke2 Bc5 51. Nf5 Kf6 52. g4 h5 53. Nh6 hxg4 54. Nxg4+ Kf5 55. Nh6+ Ke4 56. Ng4 Rb2+ 57. Kd1 Bd4 58. Ra8 Rg2 59. Nh6 Rg6 60. Nf7 Kd3 61.
Ra3+ Ke4 62. Rh3 Rg7 63. Nh6 Be3 64. Nf5 Rg1+ 65. Kc2 Nd4+ 66. Nxd4 Bxd4 67. h5 Rg2+ 68. Kb3 Rf2 69. Rh4+ Rf4 70.
Rh1 Kd5 71. h6 Rf8 72. h7 c5 73. Rh5+ Kc6 74. Rh6+ Kb5 75. Rh5 Rh8 76. Rh4 c4+ 77. Kc2 Kc5 78. Rh5+ Kb4 79. Rh4 Bg7 80.
Rh1 b5 81. Rh4 Kc5 82. Rh5+ Kc6 83. Rh4 Kd5 84. Rh5+ Be5 0-1

[Event "Allsvenskan Div I 3 2022/2023: SS Manhem - SK Kamraterna II"]
[Site "Schackcentrum, Vegatan 20, Gothenburg, Sweden"]
[Date "2023.02.05"]
[Round "1.5"]
[White "Svensson, Leif"]
[Black "Lundstrom, Mattias"]
[Result "1-0"]
[TimeControl "90 minutes for 40 moves + 30 minutes for the rest of the game + 30 seconds per move from move one."]
[WhiteFideId "1702459"]
[BlackFideId "1703536"]
[WhiteElo "2022"]
[BlackElo "2131"]

1. d4 d5 2. Nc3 Nf6 3. Bf4 Bf5 4. e3 e6 5. f3 c5 6. Nb5 Na6 7. c3 Be7 8. g4 Bg6 9. h4 h5 10.
g5 Nd7 11. Bd3 Bxd3 12. Qxd3 Qb6 13. a4 cxd4 14. exd4 g6 15. Ne2 O-O 16. Bg3 Rfe8 17. Nf4 Bd6 18. Nxd6 Qxd6 19. O-O e5 20.
dxe5 Nxe5 21. Qxd5 Qb6+ 22. Qd4 Qxb2 23. Rae1 Nc6 24. Qf6 Rxe1 25. Rxe1 Qb6+ 26. Bf2 Qd8 27. Qxd8+ Rxd8 28. c4 Nab4 29.
Rb1 b6 30. c5 bxc5 31. Bxc5 Nd3 32. Nxd3 Rxd3 33. Kf2 Rc3 34. Bd6 Rd3 35. Bc5 Rc3 36. Bd6 f6 37. gxf6 Kf7 38. Rb7+ Kxf6 39.
Bf8 Ke6 40. Rg7 Ne5 41. Re7+ Kd5 42. Rxe5+ 1-0

[Event "Allsvenskan Div I 3 2022/2023: SS Manhem - SK Kamraterna II"]
[Site "Schackcentrum, Vegatan 20, Gothenburg, Sweden"]
[Date "2023.02.05"]
[Round "1.6"]
[White "Bengtsson, Jessica"]
[Black "Svedberg, Hans"]
[Result "0-1"]
[TimeControl "90 minutes for 40 moves + 30 minutes for the rest of the game + 30 seconds per move from move one."]
[WhiteTitle "WFM"]
[WhiteFideId "1711083"]
[BlackFideId "1705113"]
[WhiteElo "2057"]
[BlackElo "2016"]

1. e4 c5 2. c3 Nf6 3. e5 Nd5 4. d4 cxd4 5. Nf3 e6 6. cxd4 Nc6 7. Bc4 Nb6 8. Bb3 d6 9. O-O Be7 10.
Nc3 O-O 11. Qe2 Bd7 12. Bc2 Nb4 13. Bb1 Bc6 14. a3 Bxf3 15. Qxf3 N4d5 16. Qh3 g6 17. f4 Rc8 18. Ne4 Rxc1 19.
Rxc1 Nxf4 20. Qe3 Nbd5 21. Qd2 dxe5 22. dxe5 Qb6+ 23. Kh1 Rd8 24. Qf2 Qb3 25. Ba2 Qa4 26. Bxd5 Nxd5 27. Nf6+ Kg7 28.
Rf1 Bxf6 29. exf6+ Kh8 30. Rad1 Rg8 31. Rd4 Qb5 32. Rfd1 h6 33. Rh4 h5 34. Qf3 Nb6 35. b4 Qe5 36.
Qf4 Qxf4 37. Rxf4 g5 38. Rf2 Kh7 39. h3 Kg6 40. Rd6 Rc8 41. Kh2 h4 42. Rf3 Nd5 43. Rd7 Rb8 44. Kg1 Nf4 45.
Kf2 Kxf6 46. g3 hxg3+ 47. Kxg3 e5 48. Kf2 Ke6 49. Rc7 f5 50. Rfc3 e4 51. Rg7 Kf6 52. Rh7 Ne6 53. h4 g4 54.
Rc4 Ke5 55. h5 f4 56. h6 g3+ 57. Kg2 Rg8 58. Rxb7 f3+ 59. Kg1 f2+ 60. Kg2 Nf4+ 0-1

[Event "Allsvenskan Div I 3 2022/2023: SS Manhem - SK Kamraterna II"]
[Site "Schackcentrum, Vegatan 20, Gothenburg, Sweden"]
[Date "2023.02.05"]
[Round "1.7"]
[White "Axelsson, Uno"]
[Black "Berggren Torell, Harald"]
[Result "1/2-1/2"]
[TimeControl "90 minutes for 40 moves + 30 minutes for the rest of the game + 30 seconds per move from move one."]
[WhiteFideId "1710249"]
[BlackFideId "1714031"]
[WhiteElo "1983"]
[BlackElo "2103"]

1. d4 d6 2. Nf3 g6 3. Bg5 Bg7 4. e3 c5 5. c3 h6 6. Bf4 Qb6 7. Qb3 Qxb3 8. axb3 cxd4 9. exd4 Nd7 10.
Bb5 Ngf6 11. O-O a6 12. Re1 Kd8 13. Nbd2 Nb6 14. Bf1 Nbd5 15. Bg3 Nh5 16. Bc4 Be6 17. Ra5 Nc7 18. b4 Nxg3 19.
hxg3 Rc8 20. Bxe6 Nxe6 21. b5 Nc7 22. bxa6 bxa6 23. Rea1 Rb8 24. R1a2 Rb5 25. Ne1 Kd7 26. Rxb5 axb5 27.
Nd3 Kc6 28. Nb4+ Kb6 29. Kf1 Rb8 30. Ke2 e6 31. Ne4 Bf8 32. Kd3 d5 33. Nf6 Rd8 34. Nc2 h5 35. g4 Be7 36. g5 Bxf6 37.
gxf6 Ne8 38. Nb4 Rb8 39. Ra6+ Kc7 40. Ra1 Rb7 41. Na6+ Kb6 42. Nc5 Ra7 1/2-1/2

[Event "Allsvenskan Div I 3 2022/2023: SS Manhem - SK Kamraterna II"]
[Site "Schackcentrum, Vegatan 20, Gothenburg, Sweden"]
[Date "2023.02.05"]
[Round "1.8"]
[White "Bengtsson, Jonas"]
[Black "Westerlund, Ola"]
[Result "1-0"]
[TimeControl "90 minutes for 40 moves + 30 minutes for the rest of the game + 30 seconds per move from move one."]
[WhiteFideId "1715135"]
[BlackFideId "1712101"]
[WhiteElo "2039"]
[BlackElo "1867"]

1. d4 g6 2. c4 Nf6 3. Nc3 Bg7 4. e4 d6 5. Nf3 O-O 6. Be2 Nbd7 7. O-O e5 8. Re1 Re8 9. d5 a5 10.
Bg5 h6 11. Bh4 g5 12. Bg3 Nh5 13. a3 Nf4 14. Rb1 Nc5 15. b4 axb4 16. axb4 Nxe2+ 17. Rxe2 Nxe4 18. Nxe4 f5 19. Nfd2 fxe4 20.
Nxe4 Bf5 21. c5 Ra3 22. Re1 Qe7 23. Rc1 Rea8 24. f3 h5 25. Bf2 g4 26. fxg4 Bxg4 27. cxd6 cxd6 28. Qd2 Ra2 29.
Qe3 Qd8 30. Qb6 Rb2 31. Rc7 Bf8 32. Qxb7 Rc8 33. Rh7 Bd7 1-0